 Dungeon Crawl Stone Soup version 0.30-b1-2-g02819fbbbe (webtiles) character file.

Game seed: 127953552257944126

8488 Arcadio the Trollish Catastrophe (level 11, -4/111 HPs)
             Began as a Troll Fighter on May 12, 2023.
             Was an Elder of Qazlal.
             Slain by a meliai
             ... wielding a +0 hand axe
              (9 damage)
             ... on level 9 of the Dungeon.
             The game lasted 00:26:47 (8171 turns).

Arcadio the Trollish Catastrophe (Troll Fighter)    Turns: 8171, Time: 00:26:48

Health: -4/111     AC: 10    Str: 30    XL:     11   Next: 10%
Magic:  14/17      EV:  9    Int: 10    God:    Qazlal [****..]
Gold:   699        SH: 12    Dex:  9    Spells: 10/10 levels left

rFire   + .          .
                       - Unarmed
rCold   . . .        b - +0 kite shield
rNeg    . . .        B - +0 steam dragon scales
rPois   +            (helmet restricted)
rElec   .            y - +1 cloak {rPois}
rCorr   .            (gloves unavailable)
SInv    .            (boots unavailable)
Will    .....        q - amulet of faith
Stlth   +            e - ring of protection from fire
HPRegen 1.18/turn    o - +6 ring of intelligence
MPRegen 0.15/turn

%: repel missiles, faith
@: no status effects
A: large, unfitting armour, claws 3, regeneration 1, shaggy fur 1, tough skin 1
a: Renounce Religion, Upheaval, Elemental Force


You were on level 9 of the Dungeon.
You worshipped Qazlal.
Qazlal was greatly pleased with you.
You visited 3 branches of the dungeon, and saw 12 of its levels.
You also visited: Ossuary.

You collected 882 gold pieces.
You spent 183 gold pieces at shops.

Inventory:

Armour
 a - a +0 robe
 b - a +0 kite shield (worn)
 y - a +1 cloak of poison resistance (worn)
 B - +0 steam dragon scales (worn)
Jewellery
 e - a ring of protection from fire (left claw)
 o - a +6 ring of intelligence (right claw)
 q - an amulet of faith (around neck)
 z - an amulet of the acrobat
Wands
 t - a wand of mindburst (21)
 A - a wand of roots (44)
 J - a wand of digging (9)
Scrolls
 d - 3 scrolls of magic mapping
 f - a scroll of butterflies
 i - 3 scrolls of fog
 j - 6 scrolls of vulnerability
 k - 4 scrolls of amnesia
 p - 2 scrolls of silence
 r - a scroll of identify
 w - 3 scrolls of enchant armour {unknown}
 x - 3 scrolls of torment {unknown}
 D - 6 scrolls of teleportation {unknown}
 G - 2 scrolls of poison {unknown}
 L - a scroll of fear {unknown}
 M - a scroll of noise {unknown}
 N - a scroll of blinking {unknown}
Potions
 c - 6 potions of might
 g - 2 potions of berserk rage
 h - 5 potions of flight
 l - 6 potions of curing
 m - a potion of resistance {unknown}
 n - 2 potions of mutation {unknown}
 s - a potion of invisibility {unknown}
 u - 2 potions of brilliance
 v - 2 potions of attraction {unknown}
 C - 3 potions of lignification
 E - a potion of haste {unknown}
 F - 2 potions of magic {unknown}
 H - a potion of cancellation {unknown}
 I - 2 potions of heal wounds {unknown}
 K - a potion of ambrosia {unknown}


   Skills:
 - Level 8.0 Fighting
 + Level 5.9 Armour
 - Level 2.5 Dodging
 - Level 2.8 Shields
 + Level 7.5 Unarmed Combat
 - Level 9.7 Invocations


You had 10 spell levels left.
You didn't know any spells.
Your spell library contained the following spells:

 Spells                   Type           Power      Damage    Failure   Level
 Apportation              Tloc           0%         N/A       58%         1
 Necrotise                Necr           0%         1d4       58%         1
 Sandblast                Erth           0%         2d4       58%         1
 Summon Small Mammal      Summ           0%         N/A       58%         1
 Ensorcelled Hibernation  Hex/Ice        0%         N/A       73%         2
 Passwall                 Tmut/Erth      0%         N/A       73%         2
 Stone Arrow              Conj/Erth      0%         3d7       91%         3
 Swiftness                Air            0%         N/A       91%         3
 Vhi's Electric Charge    Tloc/Air       0%         N/A       91%         3
 Animate Armour           Summ/Erth      0%         N/A       100%        4
 Arcjolt                  Conj/Air       0%         1d10      100%        5
 Plasma Beam              Fire/Air       0%         2x1d11    100%        6
 Lehudib's Crystal Spear  Conj/Erth      0%         10d2      100%        8


Dungeon Overview and Level Annotations

Branches:
Dungeon (10/15) Zot: 26908  Temple (1/1) D:6 Zot: 5828    Lair (1/5) D:8 Zot: 5998
Ossuary (visited)
    Orc: D:9-12

Altars:
Ashenzari
Cheibriados
Elyvilon
Gozag
Hepliaklqana
Makhleb
Nemelex Xobeh
Qazlal
Ru
Sif Muna
Trog
Vehumet
Wu Jian
Yredelemnul
Zin
The Shining One

Shops:
D:4 [(*![   D:8 [


Innate Abilities, Weirdness & Mutations

You are too large for most types of armour.
You have claws for hands.
Your natural rate of healing is unusually fast.
You are covered in fur. (AC +1)
You have tough skin. (AC +1)


Message History

You feel better. The meliai hits you with a +0 hand axe.
* * * LOW HITPOINT WARNING * * *
The meliai hits your butterfly with a +0 hand axe.
Your butterfly dies!
Your butterfly disappears in a burst of colours!
The meliai barely misses your butterfly.
You block the meliai's attack.
The meliai closely misses your butterfly.
The meliai hits your butterfly with a +0 hand axe!
Your butterfly dies!
Your butterfly disappears in a burst of colours!
The meliai barely misses something.
The meliai hits something with a +0 hand axe!
The meliai hits your butterfly with a +0 hand axe.
Your butterfly dies!
Your butterfly disappears in a burst of colours!
The meliai stings your butterfly.
Your butterfly dies!
Your butterfly disappears in a burst of colours!
The meliai hits you with a +0 hand axe.
* * * LOW HITPOINT WARNING * * *
The meliai hits your butterfly with a +0 hand axe.
Your butterfly dies!
Your butterfly disappears in a burst of colours!
You block the meliai's attack.
The meliai hits your butterfly with a +0 hand axe!
Your butterfly dies!
Your butterfly disappears in a burst of colours!
The meliai hits something with a +0 hand axe!
The meliai barely misses your butterfly. x2
The meliai closely misses your butterfly.
The meliai barely misses something.
Okay, then.
Okay, then.
Okay, then.
Aiming: Upheaval
Press: ? - help, Dir - move target Magma suddenly erupts from the ground!
The meliai hits you with a +0 hand axe!
You die...

##..#...#..## #####.....#####
#......b......##
#######......b.......# ##
#..........b.b.......# ## .#
#.#####.###y....###..###. .# #.#
###≈.#...#..##.##.. .# #(#
#.≈.#...#...#.#... .# #.#
###@y##...##.<#..... .# #.#
#.#####...#######... .#
####.####.###.########.###.. .#
#...........#.###......####. .#
##.#...###.#.#...............
.####.#.#.#.##.#.#####...........
.....###........#.## #.....######
......#.#.#.##.###.###.....#
.....#.#...##.## ##.......##


You could see 2 meliai.

Vanquished Creatures
  A boulder beetle (D:9)
  Maurice (D:8)
  An unseen horror (D:10)
  A rime drake (D:8)
  Prince Ribbit (D:8)
  A hornet (D:9)
  A shadow (D:8)
  A vampire (D:7)
  A wyvern (D:9)
  14 yaks
  A steam dragon (D:6)
  2 water moccasins
  An orc warrior (D:8)
  A sky beast (Temple)
  2 black bears
  6 ice beasts
  3 centaurs
  2 ogres
  4 wolves
  A kobold brigand (D:8)
  A gnoll sergeant (D:7)
  2 bullfrogs
  2 scorpions
  7 wights (D:7)
  6 killer bees (D:9)
  2 howler monkeys
  A crimson imp (D:9)
  5 hounds
  3 jellies
  3 orc priests
  A gnoll bouda (D:4)
  3 iguanas
  A sleepcap (D:5)
  Ijyb (D:4)
  5 orc wizards
  8 mummies (Ossuary)
  13 gnolls
  7 adders
  A shadow imp (D:6)
  4 white imps
  An ufetubus (D:6)
  A worm (D:2)
  2 dart slugs (D:1)
  34 orcs
  4 endoplasms
  2 giant cockroaches
  A gnoll zombie (Ossuary)
  12 goblins
  4 hobgoblins
  12 jackals
  5 quokkas
  4 ball pythons
  4 bats (D:2)
  4 frilled lizards
  2 hobgoblin zombies (Ossuary)
  12 kobolds
  2 kobold zombies (Ossuary)
  3 orc zombies (Ossuary)
  4 rats
235 creatures vanquished.

Notes
Turn   | Place    | Note
-------+----------+-------------------------------------------
     0 | D:1      | Arcadio the Troll Fighter began the quest for the Orb.
     0 | D:1      | Reached XP level 1. HP: 22/22 MP: 0/0
   200 | D:1      | Reached XP level 2. HP: 29/29 MP: 1/1
   920 | D:2      | Reached XP level 3. HP: 36/36 MP: 2/2
  1113 | D:2      | Reached skill level 1 in Armour
  1130 | D:2      | Reached XP level 4. HP: 26/45 MP: 3/3
  1742 | D:3      | Reached XP level 5. HP: 45/53 MP: 4/4
  2253 | D:4      | Found Jyfe's Antique Armour Shop.
  2264 | D:4      | Noticed Ijyb
  2273 | D:4      | Killed Ijyb
  2474 | D:4      | Reached XP level 6. HP: 57/62 MP: 5/5
  2613 | D:4      | Found Elycoic's Distillery.
  2673 | D:4      | Bought an embroidered cloak for 135 gold pieces
  2691 | D:4      | Found Voras's Antique Weapon Emporium.
  2741 | D:4      | Found Secafyew's Armour Shoppe.
  2816 | D:4      | Reached XP level 7. HP: 60/70 MP: 6/6
  3088 | D:4      | Found Wagug's General Store.
  3090 | D:4      | Bought a potion of might for 48 gold pieces
  3220 | D:5      | Entered Level 5 of the Dungeon
  3232 | D:5      | Reached skill level 5 in Unarmed Combat
  3775 | D:6      | Found a staircase to the Ecumenical Temple.
  3783 | D:6      | Reached skill level 5 in Fighting
  3787 | Temple   | Entered the Ecumenical Temple
  3795 | Temple   | Became a worshipper of Qazlal Stormbringer
  3812 | Temple   | Reached XP level 8. HP: 71/80 MP: 7/7
  3924 | Temple   | Reached skill level 2 in Invocations
  3973 | D:6      | Reached skill level 3 in Invocations
  4084 | D:6      | Reached skill level 4 in Invocations
  4122 | D:6      | Found a glowing silver altar of Zin.
  4240 | D:6      | Reached skill level 5 in Invocations
  4573 | D:6      | Found a shimmering blue altar of Sif Muna.
  4573 | D:6      | Found a glowing golden altar of the Shining One.
  4581 | D:6      | Found a snail-covered altar of Cheibriados.
  4583 | D:6      | Found a faded altar of an unknown god.
  4585 | D:6      | Found a radiant altar of Vehumet.
  4740 | D:6      | Reached * piety under Qazlal
  4804 | D:7      | Reached skill level 6 in Invocations
  5005 | D:7      | Reached XP level 9. HP: 88/88 MP: 11/13
  5101 | D:7      | Reached skill level 7 in Invocations
  5234 | D:7      | Reached skill level 8 in Invocations
  5735 | D:8      | Noticed Prince Ribbit
  5755 | D:8      | Killed Prince Ribbit
  5763 | D:8      | Found a sand-covered staircase.
  5783 | Ossuary  | Entered an ossuary
  5797 | Ossuary  | Reached ** piety under Qazlal
  6010 | D:8      | Identified the +1 chain mail of the Special Xenophobes
                  | {rPois rC+}
  6114 | D:8      | Reached skill level 9 in Invocations
  6140 | D:8      | Reached XP level 10. HP: 84/100 MP: 15/15
  6168 | D:8      | Found Liphorgha's Armour Shop.
  6325 | D:8      | Reached *** piety under Qazlal
  6584 | D:8      | Found a staircase to the Lair.
  6593 | Lair:1   | Entered Level 1 of the Lair of Beasts
  6772 | D:8      | Noticed Maurice
  6779 | D:8      | Killed Maurice
  7164 | D:9      | Reached skill level 5 in Armour
  7460 | D:9      | Noticed a boulder beetle
  7486 | D:9      | Killed a boulder beetle
  7673 | D:8      | Reached XP level 11. HP: 98/111 MP: 17/17
  7681 | D:8      | Reached **** piety under Qazlal
  7737 | D:9      | Found an ornate altar of the Wu Jian Council.
  8080 | D:10     | Entered Level 10 of the Dungeon
  8169 | D:9      | HP: 2/111 [meliai/+0 hand axe (11)]
  8171 | D:9      | Slain by a meliai

Illustrated notes

Levels and vault maps discovered:
D:1:      nicolae_arrival_memento_mori, layout_basic
D:2:      layout_loops_cross, kennysheep_generic_room_4
D:3:      layout_loops_ring, minivault_4, chequers_serial_rivers_micro_a
D:4:      layout_basic, serial_rivers, chequers_serial_rivers_micro_e,
          chequers_serial_rivers_micro_d, chequers_serial_rivers_micro_b,
          chequers_serial_rivers_small_3, chequers_serial_rivers_room_b,
          serial_shops, shop_fountains, shop, nicolae_stop_n_shop_1, shop, shop,
          nzn_random_ring, uniq_ijyb
D:5:      wander_river, layout_basic, minmay_hedge_maze
D:6:      layout_loops_ring, chequers_temple_overflow_minitemple,
          mainiacjoe_overflow_catwalk, minmay_temple_entry_tees
D:7:      layout_basic, minmay_misc_feat_x
D:8:      layout_basic, hellmonk_lair_entry_icy, serial_shops,
          nicolae_shop_competitors_out_of_business, enter_ossuary_1,
          minmay_door_square, uniq_maurice, uniq_prince_ribbit1
D:9:      layout_loops_ring, nzn_wu_jian_council_hall, grunt_ministairs_6,
          minmay_fire_ice_demons
D:10:     layout_roguey
Temple:   compressed_dpeg_triangle_lava_temple
Lair:1:   layout_cave_pods

Skill      XL: |  1  2  3  4  5  6  7  8  9 10 |
---------------+-------------------------------+-----
Armour         | 1 2 3 4 5 |  5.9
Fighting       | 3 4 5 6 8 |  8.0
Unarmed Combat | 3 4 5 7 |  7.5
Invocations    | 6 9 |  9.7
Dodging        | |  2.5
Shields        | |  2.8

Action                     |  1- 3 |  4- 6 |  7- 9 | 10-12 || total
---------------------------+-------+-------+-------+-------++-------
  Melee: Unarmed           |   104 |   168 |   357 |   190 ||   819
 Invoke: Upheaval          |       |       |       |     1 ||     1
  Evoke: Wand              |       |       |       |     2 ||     2
    Use: Scroll            |     1 |     6 |     4 |     3 ||    14
         Potion            |       |       |     2 |     1 ||     3
 Armour: Robe              |    42 |    41 |    41 |       ||   124
         Steam dragon scal |       |       |    57 |    76 ||   133
  Dodge: Dodged            |    40 |    67 |   107 |    65 ||   279
  Block: Kite shield       |    32 |    60 |   141 |   139 ||   372
